 Dungeon Crawl Stone Soup version 0.22-a0-388-g09e6169 (webtiles) character file.

282 stankywizzleteets the Ruffian (level 6, -3/59 HPs)
             Began as a Troll Monk on Apr 30, 2018.
             Was a Priest of Trog.
             Slain by a gnoll
             ... wielding a +2 halberd of flaming
              (6 damage)
             ... on level 3 of the Dungeon on May 5, 2018.
             The game lasted 00:34:22 (2639 turns).

stankywizzleteets the Ruffian (Troll Monk)          Turns: 2639, Time: 00:34:22

Health: -3/59      AC:  5    Str: 21 (22) XL:     6   Next: 6%
Magic:  5/5        EV:  8    Int:  5 (6)  God:    Trog [***...]
Gold:   154        SH:  7    Dex:  9 (12) Spells: 5/5 levels left

rFire    . . .     SeeInvis .   E - +1 spear (freeze)
rCold    . . .     Gourm    +   w - +0 shield (curse)
rNeg     . . .     Faith    .   a - +0 robe
rPois    .         Spirit   .   (helmet restricted)
rElec    .         Reflect  .   (no cloak)
rCorr    .         Harm     .   (gloves unavailable)
MR       .....                  (boots unavailable)
Stlth    +.........             (no amulet)
HPRegen  0.59/turn              (no ring)
MPRegen  0.09/turn              (no ring)

@: no status effects
A: large, unfitting armour, claws 3, fast metabolism 3, gourmand, regeneration
1, shaggy fur 1, tough skin 2
a: Berserk, Trog's Hand, Renounce Religion


You were on level 3 of the Dungeon.
You worshipped Trog.
Trog was most pleased with you.
You were not hungry.

You visited 1 branch of the dungeon, and saw 3 of its levels.

You collected 154 gold pieces.

Inventory:

Hand Weapons
 m - a +0 dagger
 n - a +0 spear
 p - a +0 hunting sling
 u - a +0 dagger of speed
 A - a +0 short sword
 E - a +1 spear of freezing (weapon)
Missiles
 g - 5 poisoned needles (quivered)
 q - 50 stones
 t - 24 sling bullets
 B - 55 arrows
Armour
 a - a +0 robe (worn)
 f - a +0 scale mail
 h - a +0 chain mail
 i - a +0 ring mail
 j - a cursed +0 ring mail
 w - a cursed +0 shield (worn)
Magical Staves
 D - an uncursed staff of fire {unknown}
Jewellery
 e - an uncursed amulet of guardian spirit {unknown}
 k - an uncursed ring of wizardry {unknown}
Scrolls
 d - a scroll of blinking
 l - a scroll of identify {unknown}
 o - a scroll of fog {unknown}
 r - a scroll of teleportation {unknown}
 y - 2 scrolls of amnesia {unknown}
 z - 2 scrolls of enchant weapon {unknown}
 C - a scroll of immolation {unknown}
Potions
 c - a potion of curing
 s - a potion of mutation {unknown}
Comestibles
 b - 5 rations


   Skills:
 + Level 2.9 Fighting
 + Level 0.4 Throwing
 + Level 3.4 Dodging
 + Level 1.4 Stealth
 + Level 0.8 Shields
 + Level 5.1 Unarmed Combat


You had 5 spell levels left.
You didn't know any spells.

Dungeon Overview and Level Annotations

Branches:
Dungeon (3/15)

Altars:
Cheibriados
Dithmenos
Gozag
Okawaru
Qazlal
Trog


Innate Abilities, Weirdness & Mutations

You are too large for most types of armour.
You have claws for hands.
Your metabolism is lightning-fast.
You like to eat raw meat.
Your natural rate of healing is unusually fast.
You are covered in fur. (AC +1)
You have very tough skin. (AC +2)


Message History

The bat hits you but does no damage.
The gnoll hits you from afar with a halberd of flaming!
The gnoll burns you. The bat barely misses you. The gnoll barely misses you.
You hit the gnoll. You freeze the gnoll.
The gnoll is severely wounded.
The bat barely misses you. The gnoll hits you but does no damage.
The gnoll hits you.
* * * LOW HITPOINT WARNING * * *
You hit the gnoll. You freeze the gnoll.
You kill the gnoll!
Trog accepts your kill. The bat hits you but does no damage.
You block the bat's attack. The gnoll barely misses you. The gnoll misses you.
You block the bat's attack.
You see here a scroll labeled UMELIZO MEA.
The bat closely misses you. You block the bat's attack.
The gnoll hits you with a halberd of flaming!
* * * LOW HITPOINT WARNING * * *
The gnoll burns you.
You die...

###### .....# ##########
.....###########.........
..................#...#.
##.###########..?b....... #..#
#...#@g#...#.. ##.###
#.###......... ###...####...#
#..####### ##### ....)).....##
#... ... #.... .##....###..#
#...........##.... #
#.##.####.####......(..........
###.##..#..................##....
..#.###...#...######.#.##.# ##.##
..#.###..## #..### #.#.#..# ##.#


You could see a gnoll and a bat.

Vanquished Creatures
  2 orc wizards (D:3)
  Natasha (thrice) (D:2)
  4 adders
  3 gnolls (D:3)
  A worm (D:2)
  3 dart slugs (D:1)
  3 orcs (D:3)
  4 giant cockroaches
  12 goblins
  9 hobgoblins
  9 jackals
  3 quokkas
  6 bats
  2 frilled lizards (D:3)
  8 kobolds
  4 rats
  3 plants (D:1)
79 creatures vanquished.

Notes
Turn   | Place    | Note
-------+----------+-------------------------------------------
     0 | D:1      | stankywizzleteets the Troll Monk began the quest for the Orb.
     0 | D:1      | Reached XP level 1. HP: 22/22 MP: 0/0
   276 | D:1      | Reached XP level 2. HP: 25/29 MP: 1/1
   918 | D:1      | Reached XP level 3. HP: 36/36 MP: 2/2
  1162 | D:2      | Found an opulent altar of Gozag.
  1166 | D:2      | Found a stormy altar of Qazlal.
  1181 | D:2      | Found a bloodstained altar of Trog.
  1195 | D:2      | Found an iron altar of Okawaru.
  1224 | D:2      | Became a worshipper of Trog the Wrathful
  1224 | D:2      | Reached * piety under Trog
  1224 | D:2      | Reached ** piety under Trog
  1395 | D:2      | Reached XP level 4. HP: 43/44 MP: 3/3
  1397 | D:2      | Reached skill level 4 in Unarmed Combat
  1406 | D:2      | Found a shadowy altar of Dithmenos.
  1414 | D:2      | Noticed Natasha
  1423 | D:2      | Killed Natasha
  1480 | D:2      | Noticed Natasha
  1489 | D:2      | Killed Natasha
  1728 | D:2      | Noticed Natasha
  1738 | D:2      | Killed Natasha
  1738 | D:2      | Reached XP level 5. HP: 45/52 MP: 4/4
  1907 | D:2      | Found an iron altar of Okawaru.
  2012 | D:3      | Reached skill level 5 in Unarmed Combat
  2266 | D:3      | Found a snail-covered altar of Cheibriados.
  2414 | D:3      | Reached XP level 6. HP: 59/59 MP: 5/5
  2473 | D:3      | Reached *** piety under Trog
  2632 | D:3      | HP: 1/59 [gnoll/halberd of flaming (2)]
  2639 | D:3      | Slain by a gnoll

Vault maps used:
D:1:      denvon_arrival_planthouse
D:2:      chequers_temple_overflow_statue_of_worship,
          nicolae_dithmenos_shadow_blocks, grunt_temple_overflow_open,
          kennysheep_okawaru_gauntlet, uniq_natasha
D:3:      lemuel_coloured_pillars_altar, cheibriados_altar_1

Skill      XL: |  1  2  3  4  5 |
---------------+----------------+-----
Dodging        | 3 |  3.4
Unarmed Combat | 4 5 |  5.1
Fighting       | |  2.9
Throwing       | |  0.4
Stealth        | |  1.4
Shields        | |  0.8

Action                   |  1- 3 |  4- 6 || total
-------------------------+-------+-------++-------
Melee: Unarmed           |   158 |    65 ||   223
       Punch             |     1 |       ||     1
       Spear             |       |    43 ||    43
Throw: Stone             |       |    24 ||    24
Invok: Berserk           |     1 |     1 ||     2
  Use: Scroll            |     1 |     1 ||     2
       Potion            |       |     9 ||     9
 Stab: Sleeping          |     1 |     1 ||     2
  Eat: Chunk             |     4 |    11 ||    15
       Ration            |     2 |     1 ||     3
Armor: Robe              |    63 |    56 ||   119
Dodge: Dodged            |    89 |    74 ||   163
Block: Shield            |       |    79 ||    79

Table legend:
 A = Spawn XP
 B = Non-spawn XP
 C = Spawn XP percentage of total XP
 D = Spawn monster count
 E = Non-spawn monster count
 F = Spawn count percentage of total count
 G = Total turns spent on level
                    A         B        C        D         E        F      G
               +---------+---------+-------+---------+---------+-------+---------
         Total |       0 |     403 |   0.0 |       0 |      76 |   0.0 |  2639
               +---------+---------+-------+---------+---------+-------+---------
           D:1 |       0 |      51 |   0.0 |       0 |      26 |   0.0 |  1162
           D:2 |       0 |     179 |   0.0 |       0 |      23 |   0.0 |   832
           D:3 |       0 |     173 |   0.0 |       0 |      27 |   0.0 |   645
               +---------+---------+-------+---------+---------+-------+---------
